 Dungeon Crawl Stone Soup version 0.31.0-32-g396128a36d (webtiles) character file.

Game seed: 967782045697503117

2888 safid the Grappler (level 9, -1/62 HPs)
             Began as a Purple Draconian Shapeshifter on Mar 14, 2024.
             Was a Follower of Hepliaklqana.
             Slain by an orc warrior
             ... wielding a +4 halberd
              (18 damage)
             ... in a bailey.
             The game lasted 00:12:44 (5879 turns).

safid the Grappler (Purple Draconian Shapeshifter)  Turns: 5879, Time: 00:12:44

Health: -1/62      AC:  7    Str: 20    XL:     9   Next: 48%
Magic:  9/9        EV: 17    Int: 12    God:    Hepliaklqana [*.....]
Gold:   474        SH:  0    Dex: 10    Spells: 8/8 levels left

rFire   . .          .
                       - Unarmed
rCold   . . .        (no shield)
rNeg    + . .        (body armour unavailable)
rPois   .            (helmet currently unavailable)
rElec   .            (cloak currently unavailable)
rCorr   .            (gloves currently unavailable)
SInv    .            (boots currently unavailable)
Will    +....        (no amulet)
Stlth   +            j - +5 ring of evasion
HPRegen 0.30/turn    y - ring of positive energy
MPRegen 0.11/turn

%: no passive effects
@: beast-form
A: beast (slay +4), reduced essence, breathe power, AC +7, unfitting armour,
cold-blooded
a: Breathe Dispelling Energy, Begin Untransformation, Renounce Religion, Recall
Ancestor, Ancestor Identity


You were in a bailey.
You worshipped Hepliaklqana.
Hepliaklqana was aware of your devotion.
You were a hulking beast.
You visited 2 branches of the dungeon, and saw 9 of its levels.
You also visited: Ossuary and Bailey.

You collected 474 gold pieces.

Inventory:

Jewellery
 j - a +5 ring of evasion (left hand)
 y - a ring of positive energy (right hand)
 C - a ring of fire
 D - a ring of magical power
Talismans
 b - a beast talisman
 c - a flux talisman
 r - a maw talisman
 E - a serpent talisman
Wands
 n - a wand of light (12)
 o - a wand of charming (9)
 q - a wand of roots (7)
Scrolls
 d - 7 scrolls of teleportation
 p - 4 scrolls of fog
 s - 2 scrolls of brand weapon
 v - a scroll of enchant weapon
 w - a scroll of amnesia {unknown}
 x - 2 scrolls of vulnerability {unknown}
 B - a scroll of acquirement {unknown}
Potions
 a - a potion of lignification
 e - a potion of brilliance {unknown}
 f - a potion of enlightenment {unknown}
 h - 5 potions of curing
 i - a potion of berserk rage
 k - a potion of might {unknown}
 l - 3 potions of ambrosia
 t - a potion of degeneration {unknown}
 u - a potion of invisibility {unknown}
 A - a potion of magic {unknown}


   Skills:
 + Level 3.0 Fighting
 - Level 2.0 Dodging
 + Level 10.5 Unarmed Combat
 * Level 8.0 Shapeshifting


You had 8 spell levels left.
You didn't know any spells.
Your spell library contained the following spells:

 Spells                   Type           Power      Damage    Failure   Level
 Magic Dart               Conj           0%         1d3       32%         1
 Searing Ray              Conj           0%         2d4       45%         2
 Ozocubu's Armour         Ice            0%         N/A       69%         3
 Fulminant Prism          Conj/Alch      0%         3d5       97%         4
 Metabolic Englaciation   Hex/Ice        0%         N/A       100%        5
 Sculpt Simulacrum        Ice/Alch       0%         N/A       100%        6


Dungeon Overview and Level Annotations

Branches:
Dungeon (7/15)             Temple (1/1) D:5         Ossuary (visited)
 Bailey (1/1)

Altars:
Ashenzari
Cheibriados
Dithmenos
Elyvilon
Gozag
Hepliaklqana
Kikubaaqudgha
Makhleb
Nemelex Xobeh
Okawaru
Qazlal
Ru
Sif Muna
Uskayaw
Vehumet
Wu Jian
Xom
Yredelemnul
The Shining One

Shops:
D:3 [   D:6 [

Annotations:
D:4 3 runed translucent doors, FexLirch's ghost, amateur OpFE; SirLogeyBear's ghost, novice HOBe


Innate Abilities, Weirdness & Mutations

You are a hulking beast.
Your limbs bulge with bestial killing power. (Slay +4)
Your life essence is reduced to manifest your ancestor. (-10% HP)
You can breathe bolts of dispelling energy.
Your rich purple scales are hard. (AC +7)
You cannot fit into any form of body armour.
You are cold-blooded and may be slowed by cold attacks.


Message History

The orc warrior is heavily wounded.
The orc warrior barely misses you. The orc misses you.
The orc warrior hits you but does no damage.
You punch the orc warrior! You tail-slap the orc warrior.
The orc warrior is almost dead.
The orc warrior misses you. The orc warrior barely misses you.
The orc hits you but does no damage.
You hit the orc warrior.
You kill the orc warrior!
The orc warrior barely misses you. The orc barely misses you.
The orc closely misses you. The orc warrior barely misses you.
The orc barely misses you.
There is an open door here.
Unknown command.
You barely miss the orc warrior.
The orc warrior is heavily wounded.
The orc closely misses you.
You punch the orc warrior!
The orc warrior is severely wounded.
The orc warrior hits you from afar with a +4 halberd!
* * * LOW HITPOINT WARNING * * *
The orc warrior barely misses you. The orc misses you. x2
Unknown command.
You feel better. The orc warrior barely misses you.
The orc hits you but does no damage.
The orc warrior hits you with a +0 halberd.
* * * LOW HITPOINT WARNING * * *
The orc barely misses you. The orc closely misses you.
Unknown command.
You punch the orc warrior!
You kill the orc warrior!
The orc warrior misses you. The orc misses you. x3
The orc hits you with a +0 spear.
* * * LOW HITPOINT WARNING * * *
Your Fighting skill increases to level 3!
Your Shapeshifting skill increases to level 8!
Unknown command.
The orc warrior attacks as it pursues you!
The orc warrior hits you from afar with a +4 halberd!!
You die...

############ ###
##.∩....))..## ...(
#......#)....###### .)..
#.....###...)#oo..#.)##..
#∩.....8....h'o.o.'..8...
#.....###....#oo..#..##..
#......#.....###### ....
##.∩........## ...(
############ ###


You could see an orc warrior and 5 orcs.

Vanquished Creatures
  A hornet (D:7)
  Sigmund (D:5)
  A steam dragon (D:7)
  A water moccasin (D:5)
  Duvessa (D:6)
  3 orc warriors
  An ice beast (D:5)
  An ogre (D:5)
  3 centaurs
  2 phantoms
  Blork the orc (D:6)
  A weeping skull (Ossuary)
  A scorpion (D:4)
  2 burial acolytes (Ossuary)
  Dowan (D:6)
  3 killer bees (D:6)
  A centaur zombie (Ossuary)
  A bombardier beetle (D:5)
  2 jellies
  An orc priest (D:6)
  3 hounds
  A human zombie (Ossuary)
  5 iguanas
  Jessica (D:3)
  Ijyb (D:5)
  An orc wizard (D:4)
  6 hound zombies (Ossuary)
  A hound skeleton (D:3)
  2 mummies (Ossuary)
  12 gnolls
  6 adders
  An adder skeleton (D:3)
  2 adder zombies (D:3)
  A dart slug (D:1)
  3 ribbon worms
  16 orcs
  6 endoplasms
  6 giant cockroaches
  A gnoll zombie (Ossuary)
  9 hobgoblins
  3 quokkas
  6 ball pythons
  A ball python zombie (D:3)
  9 bats
  A frilled lizard (D:2)
  7 goblins
  9 kobolds
  8 orc zombies (Ossuary)
  7 rats
164 creatures vanquished.

Vanquished Creatures (collateral kills)
  2 orcs (Bailey)
2 creatures vanquished.

Vanquished Creatures (others)
  2 ancestors
2 creatures vanquished.

Grand Total: 168 creatures vanquished

Notes
Turn   | Place    | Note
-------+----------+-------------------------------------------
     0 | D:1      | safid the Draconian Shapeshifter began the quest for the
                  | Orb.
     0 | D:1      | Reached XP level 1. HP: 16/16 MP: 1/1
   104 | D:1      | Reached XP level 2. HP: 15/23 MP: 2/2
   449 | D:1      | Reached XP level 3. HP: 22/28 MP: 3/3
   901 | D:2      | Reached XP level 4. HP: 35/35 MP: 4/4
  1059 | D:2      | Reached skill level 4 in Unarmed Combat
  1470 | D:3      | Found a sparkling altar of Nemelex Xobeh.
  1553 | D:3      | Reached XP level 5. HP: 24/40 MP: 5/5
  1638 | D:3      | Found a radiant altar of Vehumet.
  1787 | D:3      | Found Filotoph's Armour Shoppe.
  1821 | D:3      | Found a basalt altar of Yredelemnul.
  2039 | D:3      | Found a glowing golden altar of the Shining One.
  2039 | D:3      | Found an iron altar of Okawaru.
  2047 | D:3      | Found a faded altar of an unknown god.
  2049 | D:3      | Found a sacrificial altar of Ru.
  2050 | D:3      | Noticed Jessica
  2051 | D:3      | Found a hide-covered altar of Uskayaw.
  2056 | D:3      | Killed Jessica
  2407 | D:4      | Reached skill level 5 in Unarmed Combat
  2561 | D:4      | Reached XP level 6. HP: 47/47 MP: 6/6
  2634 | D:4      | Found a runed translucent gate.
  2634 | D:4      | Found a runed translucent gate.
  2634 | D:4      | Found a runed translucent gate.
  2635 | D:4      | Noticed FexLirch's ghost (amateur OpFE)
  2636 | D:4      | Noticed SirLogeyBear's ghost (novice HOBe)
  3248 | D:5      | Entered Level 5 of the Dungeon
  3249 | D:5      | Noticed Sigmund
  3258 | D:4      | Reached skill level 6 in Unarmed Combat
  3343 | D:5      | Noticed Ijyb
  3346 | D:5      | Reached skill level 5 in Shapeshifting
  3346 | D:5      | Noticed a water moccasin
  3354 | D:5      | Killed Ijyb
  3362 | D:5      | Killed a water moccasin
  3363 | D:5      | Your scales start taking on a rich purple colour.
  3363 | D:5      | Reached XP level 7. HP: 27/55 MP: 7/7
  3515 | D:5      | Reached skill level 7 in Unarmed Combat
  3740 | D:5      | Found a staircase to the Ecumenical Temple.
  3747 | Temple   | Entered the Ecumenical Temple
  3770 | Temple   | Became a worshipper of Hepliaklqana the Forgotten
  3816 | D:5      | Killed Sigmund
  3817 | D:5      | Reached skill level 8 in Unarmed Combat
  3817 | D:5      | Reached XP level 8. HP: 61/61 MP: 8/8
  4096 | D:6      | Noticed Blork the orc
  4100 | D:6      | Killed Blork the orc
  4128 | D:6      | Found a sand-covered staircase.
  4133 | Ossuary  | Entered an ossuary
  4170 | Ossuary  | Reached skill level 9 in Unarmed Combat
  4581 | D:6      | Noticed Dowan
  4582 | D:6      | Noticed Duvessa
  4596 | D:6      | Killed Duvessa
  4601 | D:6      | Killed Dowan
  4742 | D:6      | Reached XP level 9. HP: 63/68 MP: 9/9
  4857 | D:6      | Found a shimmering altar of Xom.
  4898 | D:6      | Found Caof's Antique Armour Shoppe.
  4989 | D:6      | Reached * piety under Hepliaklqana
  5011 | D:6      | Found a snail-covered altar of Cheibriados.
  5428 | D:7      | Reached skill level 10 in Unarmed Combat
  5615 | D:7      | Identified the +0 ring mail of Inviolability {rF+}
  5695 | D:7      | You fall into a shaft and drop 3 floors!
  5695 | D:10     | Entered Level 10 of the Dungeon
  5705 | D:10     | Found a flagged portal.
  5715 | Bailey   | Entered a bailey
  5879 | Bailey   | Slain by an orc warrior

Illustrated notes

Levels and vault maps discovered:
D:1:      minmay_arrival_plants_in_alcoves, layout_rooms
D:2:      layout_loops_ring
D:3:      layout_basic, mainiacjoe_overflow_24_doors, lemuel_tele_altar,
          lemuel_crystal_altar, chequers_temple_overflow_minitemple,
          serial_shops, shop, serial_undead, serial_undead_e, serial_undead_f,
          serial_undead_c, serial_undead_c, uniq_jessica
D:4:      layout_gridville, gammafunk_ghost_cemetery, kennysheep_generic_room_4
D:5:      layout_rooms, minmay_temple_entry_junction_2, serial_bayou_lagoon_a,
          uniq_ijyb, uniq_sigmund
D:6:      layout_rooms, slow_altar_1, lemuel_round_altar, serial_shops,
          nicolae_shop_tiny_glass, enter_ossuary_2, uniq_blork_the_orc,
          uniq_duvessa
D:7:      layout_basic, uniq_maurice, uniq_crazy_yiuf_cottage
D:10:     layout_basic, lair_entry_dummy, enter_bailey_6, minmay_diced_spiral,
          uniq_maggie
Temple:   cyrus_temple_forest
Bailey:   bailey_polearm_5, bailey

Skill      XL: |  1  2  3  4  5  6  7  8  9 |
---------------+----------------------------+-----
Shapeshifting  | 4 5 7 8 |  8.0
Dodging        | 2 |  2.0
Unarmed Combat | 4 5 6 8 9 10 | 10.5
Fighting       | 2 3 |  3.0

Action                     |  1- 3 |  4- 6 |  7- 9 || total
---------------------------+-------+-------+-------++-------
  Melee: Unarmed           |   103 |   171 |   192 ||   466
         Tailslap          |     9 |    21 |    30 ||    60
         Punch             |       |     5 |    10 ||    15
  Throw: Javelin           |       |    18 |    31 ||    49
 Invoke: Recall Ancestor   |       |       |     2 ||     2
         Ancestor Identity |       |       |     1 ||     1
    Use: Scroll            |       |       |     8 ||     8
         Potion            |       |       |     2 ||     2
   Stab: Sleeping          |       |       |     2 ||     2
 Armour: Skin              |    48 |    93 |   115 ||   256
  Dodge: Dodged            |    66 |   182 |   207 ||   455
